 Dungeon Crawl Stone Soup version 0.30-a0-250-g41c1d76940 (webtiles) character file.

Game seed: 3220653011750794083

100 koil the Sneak (level 4, -6/22 HPs)
             Began as a Spriggan Enchanter on Oct 13, 2022.
             Killed from afar by Natasha (10 damage)
             ... with a magic dart
             ... on level 3 of the Dungeon.
             The game lasted 00:06:56 (1396 turns).

koil the Sneak (Spriggan Enchanter)                 Turns: 1396, Time: 00:06:57

Health: -6/22      AC:  2    Str:  4    XL:     4   Next: 46%
Magic:  8/10       EV: 18    Int: 22    God:
Gold:   99         SH:  0    Dex: 17    Spells: 4/9 levels left

rFire   . . .      SeeInvis +    a - +4 dagger
rCold   . . .      Faith    .    (no shield)
rNeg    . . .      Spirit   .    t - +0 robe
rPois   .          Reflect  .    (helmet restricted)
rElec   .          Harm     .    h - scarf {+Inv}
rCorr   .          Rampage  .    (gloves unavailable)
Will    .....                    (boots unavailable)
Stlth   +++.......               (no amulet)
HPRegen 0.23/turn                b - +6 ring of intelligence
MPRegen 0.12/turn                (no ring)

@: very quick
A: very small, no large weapons, unfitting armour, see invisible, speed 3
a: Evoke Invisibility


You were on level 3 of the Dungeon.
You visited 1 branch of the dungeon, and saw 3 of its levels.

You collected 99 gold pieces.

Inventory:

Hand Weapons
 a - a +4 dagger (weapon)
 k - a +0 dagger of venom
 n - a +1 dagger
 q - a +1 dagger of venom
Missiles
 r - 12 poisoned darts (quivered)
Armour
 h - a scarf of invisibility (worn)
 t - a +0 robe (worn)
Jewellery
 b - a +6 ring of intelligence (left hand)
Scrolls
 d - a scroll of teleportation {unknown}
 e - a scroll of fear {unknown}
 f - a scroll of summoning {unknown}
 g - a scroll of enchant weapon {unknown}
 j - a scroll of acquirement {unknown}
 s - a scroll of blinking {unknown}
Potions
 c - 2 potions of invisibility
 l - a potion of flight {unknown}
 m - a potion of mutation {unknown}
 o - a potion of heal wounds {unknown}
 p - a potion of curing {unknown}


   Skills:
 + Level 1.0 Fighting
 * Level 2.2 Short Blades
 + Level 3.6 Dodging
 + Level 5.1 Stealth
 + Level 3.4 Spellcasting
 + Level 4.2 Hexes


You had 4 spell levels left.
You knew the following spells:

 Your Spells              Type           Power      Damage    Failure   Level
a - Ensorcelled Hibernat  Hex/Ice        26%        N/A       8%          2
b - Confusing Touch       Hex            22%        N/A       6%          3

Your spell library contained the following spells:

 Spells                   Type           Power      Damage    Failure   Level
 Tukima's Dance           Hex            22%        N/A       6%          3
 Dazzling Flash           Conj/Hex       26%        N/A       16%         3
 Summon Guardian Golem    Hex/Summ       13%        N/A       16%         3
 Hailstorm                Conj/Ice       3%         3d3       34%         3
 Ice Form                 Ice/Tmut       3%         N/A       75%         4
 Simulacrum               Ice/Necr       1%         N/A       100%        6
 Orb of Destruction       Conj           1%         9d5       100%        7
 Spellforged Servitor     Conj/Summ      1%         N/A       100%        7


Dungeon Overview and Level Annotations

Branches:
Dungeon (3/15)

Altars:

Annotations:
D:3 Natasha


Innate Abilities, Weirdness & Mutations

You are very small and have problems with some larger weapons.
You are too small for most types of armour.
You have supernaturally acute eyesight. (SInv)
You cover ground extremely quickly. (Speed+++)


Message History

Natasha hisses angrily.
Natasha mumbles some strange words.
You hit Natasha but do no damage. Natasha casts a spell at you.
The magic dart hits you.
You hit Natasha.
Natasha is moderately wounded.
The crimson imp blinks!
You hit Natasha.
Natasha is heavily wounded.
Natasha barely misses you.
You barely miss Natasha.
Natasha is heavily wounded.
Natasha claws you.
You hit Natasha.
Natasha is severely wounded.
Natasha casts a spell at you. The magic dart hits you.
You hit Natasha.
Natasha is almost dead.
Natasha completely misses you. The crimson imp closely misses you.
You barely miss Natasha.
Natasha is almost dead.
Natasha claws you!
* * * LOW HITPOINT WARNING * * *
The crimson imp closely misses you.
You are too injured to fight recklessly!
You are too injured to fight recklessly!
You are too injured to fight recklessly!
Casting: Ensorcelled Hibernation (safe; 8% risk of failure)
Confirm with . or Enter, or press ? or * to list all spells.
Aiming: Ensorcelled Hibernation (safe; 8% risk of failure)
Press: ? - help, Shift-Dir - straight line, f - Natasha
Aim: Natasha (almost dead, chance to affect: 47%) Natasha resists with some effort.
Natasha wildly gestures.
Natasha's front paws start to glow.
Natasha casts a spell at you. The magic dart hits you!
You die...

### #<#
#.#+#####
#.@5.$..#
#..h....#
#.......#
#.#+#####
#.# ..#
###


You could see Natasha and a crimson imp (summoned).

Vanquished Creatures
  2 adders (D:2)
  5 dart slugs
  An endoplasm (D:2)
  2 giant cockroaches (D:2)
  4 hobgoblins
  12 jackals
  9 kobolds
  4 quokkas
  7 ball pythons
  4 bats
  8 frilled lizards
  6 goblins
  3 rats
67 creatures vanquished.

Notes
Turn   | Place    | Note
-------+----------+-------------------------------------------
     0 | D:1      | koil the Spriggan Enchanter began the quest for the Orb.
     0 | D:1      | Reached XP level 1. HP: 9/9 MP: 5/5
   224 | D:1      | Reached XP level 2. HP: 14/14 MP: 6/6
   455 | D:1      | Learned a level 2 spell: Ensorcelled Hibernation
   536 | D:1      | Reached XP level 3. HP: 14/17 MP: 8/8
   630 | D:1      | Learned a level 3 spell: Confusing Touch
   859 | D:2      | Reached skill level 5 in Stealth
  1035 | D:2      | Reached skill level 1 in Fighting
  1035 | D:2      | Reached XP level 4. HP: 22/22 MP: 10/10
  1386 | D:3      | Noticed Natasha
  1396 | D:3      | Killed from afar by Natasha

Illustrated notes

Levels and vault maps discovered:
D:1:      co_arrival_random_square_maze, layout_rooms
D:2:      layout_rooms, minmay_pentomino_w4
D:3:      layout_basic, nicolae_ru_great_annihilating_truth, uniq_natasha

Skill      XL: |  1  2  3  4 |
---------------+-------------+-----
Spellcasting   | 3 |  3.4
Dodging        | 3 |  3.6
Hexes          | 4 |  4.2
Stealth        | 5 |  5.1
Fighting       | 1 |  1.0
Short Blades   | 2 |  2.2

Action                   |  1- 3 |  4- 6 || total
-------------------------+-------+-------++-------
Melee: Dagger            |   178 |    59 ||   237
       Punch             |     1 |       ||     1
 Cast: Ensorcelled Hiber |     3 |     1 ||     4
 Stab: Sleeping          |     4 |     4 ||     8
Armor: Robe              |    15 |     1 ||    16
Dodge: Dodged            |   194 |    38 ||   232

Table legend: (Time is in decaauts)
 A = Elapsed time spent in this place.
 B = Non-inter-level travel time spent in this place.
 C = Inter-level travel time spent in this place.
 D = Time resting spent in this place.
 E = Time spent auto-exploring this place.
 F = Levels seen in this place.
 G = Mean time per level.
                   A        B        C        D        E       F      G
               +--------+--------+--------+--------+--------+-----+--------+
         Total |   1058 |   1047 |     11 |     69 |    512 |   3 |  352.7 |
       Dungeon |   1058 |   1047 |     11 |     69 |    512 |   3 |  352.7 |
               +--------+--------+--------+--------+--------+-----+--------+

Top non-repeatable levels by time:
     D:2: 534 daAuts
     D:1: 515 daAuts
     D:3: 8 daAuts
